 Dungeon Crawl Stone Soup version 0.27.1-34-g3ba077fa99 (webtiles) character file.

Game seed: 10081580473025144570

77 multipassport the Vexing (level 4, 0/22 HPs)
             Began as a Spriggan Arcane Marksman on Jan 16, 2022.
             Slain by a gnoll (5 damage)
             ... on level 2 of the Dungeon.
             The game lasted 00:09:41 (3144 turns).

multipassport the Vexing (Spriggan Arcane Marksman) Turns: 3144, Time: 00:09:41

Health: 0/22       AC:  2    Str:  6    XL:     4   Next: 14%
Magic:  5/8        EV: 18    Int: 14    God:
Gold:   96         SH:  0    Dex: 16    Spells: 7/8 levels left

rFire    . . .     SeeInvis +   e - +0 dagger (holy)
rCold    . . .     Faith    .   (shield restricted)
rNeg     . . .     Spirit   .   d - +0 robe
rPois    .         Reflect  .   (helmet restricted)
rElec    .         Harm     .   (no cloak)
rCorr    +         Rampage  .   (gloves unavailable)
Will     .....                  (boots unavailable)
Stlth    +.........             (no amulet)
HPRegen  0.07/turn              m - ring of resist corrosion
MPRegen  0.11/turn              (no ring)

@: lethally poisoned (0 -> -1), very quick
A: very small, no large weapons, unfitting armour, see invisible, speed 3
a: no special abilities


You were on level 2 of the Dungeon.
You visited 1 branch of the dungeon, and saw 3 of its levels.

You collected 96 gold pieces.

Inventory:

Hand Weapons
 a - a +0 shortbow
 e - a +0 dagger of holy wrath (weapon)
Missiles
 c - 6 arrows
 g - 5 atropa-tipped darts (quivered)
Armour
 d - a +0 robe (worn)
Jewellery
 m - a ring of resist corrosion (left hand)
Scrolls
 h - a scroll of teleportation {unknown}
 i - a scroll of magic mapping {unknown}
 j - 2 scrolls of identify {unknown}
 k - a scroll of fog {unknown}
 n - a scroll of amnesia {unknown}
 o - a scroll of blinking {unknown}
 p - a scroll of torment {unknown}
Potions
 b - a potion of degeneration {unknown}
 f - a potion of haste {unknown}
 l - a potion of resistance {unknown}


   Skills:
 + Level 1.5 Fighting
 + Level 3.2 Bows
 + Level 3.5 Dodging
 + Level 2.5 Spellcasting
 + Level 4.2 Hexes


You had 7 spell levels left.
You knew the following spells:

 Your Spells              Type           Power      Damage    Failure   Level
a - Corona                Hex            14%        N/A       4%          1

Your spell library contained the following spells:

 Spells                   Type           Power      Damage    Failure   Level
 Slow                     Hex            13%        N/A       6%          2
 Inner Flame              Hex/Fire       7%         N/A       28%         3
 Portal Projectile        Hex/Tloc       14%        N/A       28%         3
 Cause Fear               Hex            6%         N/A       36%         4


Dungeon Overview and Level Annotations

Branches:
Dungeon (3/15)

Altars:
Trog


Innate Abilities, Weirdness & Mutations

You are very small and have problems with some larger weapons.
You are too small for most types of armour.
You have supernaturally acute eyesight. (SInv)
You cover ground extremely quickly. (Speed+++)


Message History

Press: ? - help, Shift-Dir - straight line, f/p - gnoll
Aim: a gnoll, wielding a +0 club (softly glowing, chance to affect: 58%)
The gnoll struggles to resist.
Fire: 8 arrows
Press: ? - help, Q - select action, (/) - cycle Shift-Dir - straight line, f/p - gnoll
Aim: a gnoll, wielding a +0 club (softly glowing, 82% to hit)
You shoot an arrow. The arrow hits the gnoll.
The gnoll is moderately wounded.
The gnoll stops glowing.
Fire: 7 arrows
Press: ? - help, Q - select action, (/) - cycle Shift-Dir - straight line, f/p - gnoll
Aim: a gnoll, wielding a +0 club (moderately wounded, 64% to hit)
You shoot an arrow. The gnoll sergeant blocks the arrow.
The gnoll sergeant hits you from afar with a +4 trident of venom.
You are poisoned.
You feel sick.
The gnoll sergeant hits you from afar with a +4 trident of venom.
You climb upwards.
You feel sick.
There is a stone staircase leading down here.
Your +0 dagger of holy wrath softly glows with a divine radiance!
e - a +0 dagger of holy wrath (weapon)
You feel sick. The gnoll misses you.
Casting: Corona (safe; 4% risk of failure)
Confirm with . or Enter, or press ? or * to list all spells.
Aiming: Corona (safe; 4% risk of failure)
Press: ? - help, Shift-Dir - straight line, f - gnoll
Aim: a gnoll, wielding a +0 club (moderately wounded, chance to affect: 58%)
The gnoll struggles to resist.
You feel sick. The gnoll misses you.
Casting: Corona (safe; 4% risk of failure)
Confirm with . or Enter, or press ? or * to list all spells.
Aiming: Corona (safe; 4% risk of failure)
Press: ? - help, Shift-Dir - straight line, f/p - gnoll
Aim: a gnoll, wielding a +0 club (moderately wounded, chance to affect: 58%)
The gnoll is outlined in light.
You feel sick. The gnoll completely misses you.
You hit the gnoll.
The gnoll is heavily wounded.
You feel sick. The gnoll hits you with a +0 club.
* * * LOW HITPOINT WARNING * * *
The gnoll hits you with a +0 club.
You die...

.# #...##.# ## ##..##.#
#..##.#
#########.##.###########
#.......#..#.##....[...#
#.......#..#.##.######.#
#.......#..#.##.#....#.#
#.......#....##.#.##.#.#
#####.......#.#g@##.#.#..#.#
....#.......#...>.#.#.#.#..#
..[...#.....####..#.#......#
._....#####.# #..#.....#..#
....#.# #.# #..####..#..#
......# #.####w.#
#..######### ..#####
#.......# #........... .##
######.######.########. .#
#......w.# #.


You could see a worm and a gnoll (corona).

Vanquished Creatures
  A centaur skeleton (D:2)
  A worm (D:2)
  A dart slug (D:1)
  3 ball pythons
  2 bats
  5 endoplasms
  A giant cockroach (D:1)
  5 goblins (D:1)
  4 hobgoblins
  8 jackals
  4 frilled lizards
  2 kobolds (D:1)
  A rat (D:2)
38 creatures vanquished.

Notes
Turn   | Place    | Note
-------+----------+-------------------------------------------
     0 | D:1      | multipassport the Spriggan Arcane Marksman began the quest
                  | for the Orb.
     0 | D:1      | Reached XP level 1. HP: 9/9 MP: 3/3
   353 | D:1      | Reached skill level 1 in Fighting
   462 | D:1      | Reached XP level 2. HP: 14/14 MP: 3/5
  1135 | D:1      | Reached skill level 4 in Hexes
  1246 | D:2      | Found a bloodstained altar of Trog.
  1264 | D:2      | Reached XP level 3. HP: 18/18 MP: 5/7
  1602 | D:2      | Reached XP level 4. HP: 22/22 MP: 6/8
  3128 | D:3      | Noticed a gnoll sergeant
  3144 | D:2      | Slain by a gnoll

Illustrated notes

Levels and vault maps discovered:
D:1:      dpeg_arrival_simpleton_c, layout_basic
D:2:      layout_basic, basic_altar
D:3:      layout_rooms, mainiacjoe_overflow_chevrons,
          mainiacjoe_overflow_cross_hatched, nicolae_qazlal_scattered_showers,
          kennysheep_generic_room_6

Skill      XL: |  1  2  3 |
---------------+----------+-----
Fighting       | 1 |  1.5
Dodging        | 3 |  3.5
Spellcasting   | 2 |  2.5
Hexes          | 4 |  4.2
Bows           | 3 |  3.2

Action                   |  1- 3 |  4- 6 || total
-------------------------+-------+-------++-------
Melee: Dagger            |       |    89 ||    89
 Fire: Shortbow          |    87 |    25 ||   112
Throw: Dart              |       |     2 ||     2
 Cast: Corona            |    33 |    17 ||    50
Armor: Robe              |    11 |     6 ||    17
Dodge: Dodged            |    38 |    74 ||   112
